 Dungeon Crawl Stone Soup version 0.20.1-1-g8b1a95d (webtiles) character file.

583 Piramida the Basher (level 7, -2/57 HPs)
             Began as a Minotaur Berserker on Nov 2, 2017.
             Was a Priest of Trog.
             Slain by Grinder (5 damage)
             ... on level 5 of the Dungeon.
             The game lasted 00:11:26 (3305 turns).

Piramida the Basher (Minotaur Berserker)            Turns: 3305, Time: 00:11:29

Health: -2/57      AC:  9    Str: 23    XL:     7   Next: 14%
Magic:  6/6        EV:  8    Int:  4    God:    Trog [***...]
Gold:   135        SH:  0    Dex: 10    Spells: 6/6 levels left

rFire    + . .     SeeInvis .   a - +0 mace
rCold    x . .     Gourm    .   (no shield)
rNeg     . . .     Faith    .   m - +0 chain mail
rPois    .         Spirit   .   (helmet restricted)
rElec    .         Reflect  .   (no cloak)
rCorr    .         Harm     .   y - +0 pair of gloves
MR       .....                  (no boots)
Stlth    ..........             (no amulet)
Regen    0.2/turn               d - ring of fire
MPRegen  0.1/turn               (no ring)

@: berserk cooldown, slowed, very slow
A: retaliatory headbutt, horns 2
a: Berserk, Trog's Hand, Burn Spellbooks, Renounce Religion


You were on level 5 of the Dungeon.
You worshipped Trog.
Trog was most pleased with you.
You were very hungry.

You visited 1 branch of the dungeon, and saw 6 of its levels.

You collected 135 gold pieces.

Inventory:

Hand Weapons
 a - a +0 mace (weapon)
Missiles
 l - 162 stones (quivered)
Armour
 m - a +0 chain mail (worn)
 y - a +0 pair of gloves (worn)
Jewellery
 d - a ring of fire (left hand)
Scrolls
 f - 2 scrolls of remove curse
 i - a scroll of identify
 k - a scroll of teleportation
 q - a scroll of fog
Potions
 b - 2 potions of berserk rage
 e - 2 potions of curing
 h - a potion of haste
 j - a potion of degeneration {unknown}
 p - a potion of heal wounds {unknown}
 x - a potion of mutation {unknown}
Comestibles
 c - 2 bread rations
 g - a royal jelly
 n - 4 fruits
 r - 9 chunks of flesh
 s - a meat ration


   Skills:
 - Level 3.6 Fighting
 + Level 9.9 Maces & Flails
 - Level 2.4 Armour
 - Level 2.1 Dodging


You had 6 spell levels left.
You didn't know any spells.

Dungeon Overview and Level Annotations

Branches:
Dungeon (6/15)             Temple (0/1) D:4

Altars:
Elyvilon
Okawaru
Xom

Annotations:
D:5 Grinder


Innate Abilities, Weirdness & Mutations

You reflexively headbutt those who attack you in melee.
You have a pair of horns on your head.


Message History

Grinder hits you but does no damage. Grinder gestures at you.
Pain shoots through your body!
You hit Grinder.
Grinder is almost dead.
Grinder gestures at you.
You suddenly lose the ability to move!
Grinder hits you.
* * * LOW HITPOINT WARNING * * *
You writhe in agony.
* * * LOW HITPOINT WARNING * * *
Grinder blinks!
You can move again.
Grinder gestures at you. Pain shoots through your body!
* * * LOW HITPOINT WARNING * * *
Grinder hits you!
* * * LOW HITPOINT WARNING * * *
You writhe in agony.
You die...

#.# ##### #.#
#...# #.# #...####
#.. +......
#####.# #...#
<..#.####...#
##.#5#....[.####..
#...@.............
#..#.#......###.#
#..#.#......#
#..#.#......#
#..#.#....(.#
#..#.########
#..#.# #..#.#
####..#


You could see Grinder.

Vanquished Creatures
  The ghost of Folque the Charmwright, an amateur BaSk (D:4)
  Duvessa (D:4)
  A bullfrog (D:5)
  Dowan (D:4)
  An orc wizard (D:4)
  An iguana (D:4)
  A worker ant (D:4)
  Robin (D:3)
  4 adders
  A river rat (D:4)
  4 worms
  A dart slug (D:1)
  5 leopard geckos
  5 orcs
  3 giant cockroaches
  16 hobgoblins
  3 ball pythons
  13 bats
  5 frilled lizards
  12 goblins
  A jackal skeleton (D:5)
  3 kobolds (D:2)
  5 rats
89 creatures vanquished.

Notes
Turn   | Place    | Note
-------+----------+-------------------------------------------
     0 | D:1      | Piramida the Minotaur Berserker began the quest for the Orb.
     0 | D:1      | Reached XP level 1. HP: 19/19 MP: 0/0
   127 | D:1      | Reached skill level 4 in Maces & Flails
   372 | D:1      | Reached XP level 2. HP: 26/26 MP: 1/1
   756 | D:2      | Reached skill level 5 in Maces & Flails
   881 | D:2      | Reached XP level 3. HP: 31/31 MP: 2/2
  1450 | D:2      | Found an iron altar of Okawaru.
  1506 | D:2      | Reached XP level 4. HP: 33/39 MP: 3/3
  1744 | D:3      | Reached skill level 6 in Maces & Flails
  1976 | D:4      | Found a shimmering altar of Xom.
  2007 | D:4      | Noticed Folque's ghost (amateur BaSk)
  2018 | D:4      | Killed Folque's ghost
  2018 | D:4      | Reached ** piety under Trog
  2018 | D:4      | Reached skill level 7 in Maces & Flails
  2018 | D:4      | Reached XP level 5. HP: 45/45 MP: 4/4
  2065 | D:4      | Reached skill level 8 in Maces & Flails
  2290 | D:4      | Found a staircase to the Ecumenical Temple.
  2404 | D:4      | Noticed Duvessa
  2406 | D:4      | Noticed Dowan
  2413 | D:4      | Killed Duvessa
  2413 | D:4      | Reached XP level 6. HP: 51/51 MP: 5/5
  2414 | D:4      | Killed Dowan
  2414 | D:4      | Reached skill level 9 in Maces & Flails
  2683 | D:3      | Found a white marble altar of Elyvilon.
  2686 | D:3      | Noticed Robin
  2697 | D:3      | Killed Robin
  2888 | D:3      | Reached *** piety under Trog
  3134 | D:5      | Entered Level 5 of the Dungeon
  3159 | D:4      | Reached XP level 7. HP: 45/57 MP: 6/6
  3261 | D:5      | Noticed Grinder
  3272 | D:5      | Paralysed by Grinder for 5 turns
  3286 | D:5      | Paralysed by Grinder for 4 turns
  3299 | D:5      | Paralysed by Grinder for 6 turns
  3305 | D:5      | Slain by Grinder

Skill      XL: |  1  2  3  4  5  6 |
---------------+-------------------+-----
Maces & Flails | 4 5 7 8 9 |  9.9
Fighting       | |  3.6
Armour         | |  2.4
Dodging        | |  2.1

Action                   |  1- 3 |  4- 6 |  7- 9 || total
-------------------------+-------+-------+-------++-------
Melee: Mace              |    80 |   105 |    31 ||   216
       Headbutt          |     8 |    12 |       ||    20
Invok: Berserk           |       |     2 |     1 ||     3
       Burn Spellbooks   |       |     1 |       ||     1
       Trog's Hand       |       |       |     1 ||     1
  Use: Scroll            |     1 |     9 |       ||    10
  Eat: Chunk             |     2 |     7 |     1 ||    10
Armor: Animal skin       |     5 |       |       ||     5
       Ring mail         |    18 |       |       ||    18
       Chain mail        |    20 |    66 |    28 ||   114
Dodge: Dodged            |    56 |    45 |    19 ||   120
